 Dungeon Crawl Stone Soup version 0.32-a0-411-g744942f433 (webtiles) character file.

Game seed: 2303519832638540207

322 cforsyth the Slasher (level 6, -1/48 HPs)
             Began as a Coglin Gladiator on Feb 21, 2024.
             Slain by a gnoll bouda
             ... wielding a +0 club
              (5 damage)
             ... on level 4 of the Dungeon.
             The game lasted 00:04:59 (3435 turns).

cforsyth the Slasher (Coglin Gladiator)             Turns: 3435, Time: 00:05:00

Health: -1/48      AC: 18    Str: 15    XL:     6   Next: 47%
Magic:  6/6        EV:  0    Int:  7    God:
Gold:   172        SH:  0    Dex: 17    Spells: 5/5 levels left

rFire   . . .        a - +0 long sword {Edwyna}
rCold   . . .        o - +0 dagger {Imanvir}
rNeg    . . .        f - +0 crystal plate armour
rPois   .            c - +0 helmet
rElec   .            (no cloak)
rCorr   .            h - +0 pair of gloves
SInv    .            (no boots)
Will    .....        (no amulet) Stlth
                     (no ring)
HPRegen 0.28/turn    (no ring)
MPRegen 0.10/turn

%: no passive effects
@: immotile, revved
A: off-hand wielding, slow wielding, warmup strikes, legs shutdown
a: no special abilities


You were on level 4 of the Dungeon.
You visited 1 branch of the dungeon, and saw 4 of its levels.

You collected 172 gold pieces.


Innate Abilities, Weirdness & Mutations

You can wield a second weapon in your off-hand.
It takes a long time for you to wield or remove held weapons.
Your first few attacks do less damage.
Attacking and casting redirects power from your legs.


   Skills:
 + Level 4.1 Fighting
 + Level 4.7 Long Blades
 - Level 1.7 Throwing
 + Level 3.0 Armour
 - Level 2.6 Dodging


You had 5 spell levels left.
You didn't know any spells.
Your spell library contained the following spells:

 Spells                   Type           Power      Damage    Failure   Level
 Gell's Gravitas          Tloc           0%         N/A       100%        3
 Teleport Other           Tloc           0%         N/A       100%        3
 Dispersal                Tloc           0%         N/A       100%        6

Inventory:

Hand Weapons
 a - a +0 long sword (weapon) {Edwyna}
 o - a +0 dagger (offhand) {Imanvir}
Missiles
 d - 5 throwing nets (quivered) {=f}
 e - a javelin
Armour
 b - a +0 leather armour
 c - a +0 helmet (worn)
 f - a +0 crystal plate armour (worn)
 h - a +0 pair of gloves (worn)
 n - a +0 pair of boots
Wands
 p - a wand of paralysis (13)
Scrolls
 i - 2 scrolls of fear {unknown}
 j - 6 scrolls of identify {unknown}
 m - a scroll of revelation {unknown}
 q - a scroll of amnesia {unknown}
 r - 2 scrolls of blinking {unknown}
 s - a scroll of brand weapon {unknown}
Potions
 g - 2 potions of curing {unknown}
 k - 2 potions of lignification {unknown}
 l - 2 potions of brilliance {unknown}
 t - a potion of might {unknown}

Dungeon Overview and Level Annotations

Branches:
Dungeon (4/15)
 Temple: D:4-7

Altars:
Qazlal
Xom
Beogh

... ▒.. ## #.# ###
#▒. #.. ... ... #▒
##.# #.# #.# ##
#.......... #.
##.#.#.#.#.#.. #.
.#...........# #.
..#.#.#g# #.
......>@## ##
.........#
.........## .#
..........## ##.#
...........###...#
#...............#
#.....†.........#
#######.........#
#.........#


You could see a gnoll bouda.


Message History

You hit the orc but do no damage. The orc hits you but does no damage.
You hit the orc but do no damage.
The orc is heavily wounded.
You hit the orc but do no damage. The orc hits you but does no damage.
You hit the orc with your +0 long sword.
You kill the orc!
You hit the gnoll bouda with your +0 long sword.
The gnoll bouda is lightly wounded.
You hit the gnoll bouda but do no damage.
The gnoll bouda hits you with a +0 club!
* * * LOW HITPOINT WARNING * * *
You closely miss the gnoll bouda with your +0 long sword.
The gnoll bouda is lightly wounded.
You hit the gnoll bouda with your +0 dagger.
The gnoll bouda hits you but does no damage.
You hit the gnoll bouda but do no damage.
The gnoll bouda is lightly wounded.
You slash the gnoll bouda with your +0 long sword!
The gnoll bouda hits you with a +0 club.
* * * LOW HITPOINT WARNING * * *
You completely miss the gnoll bouda with your +0 dagger.
The gnoll bouda is severely wounded.
You hit the gnoll bouda but do no damage.
The gnoll bouda hits you with a +0 club.
* * * LOW HITPOINT WARNING * * *
You hit the gnoll bouda with your +0 dagger.
The gnoll bouda is severely wounded.
You hit the gnoll bouda with your +0 long sword.
The gnoll bouda hits you with a +0 club.
You die...

Skill      XL: |  1  2  3  4  5  6 |
---------------+-------------------+-----
Armour         | 1 2 3 |  3.0
Fighting       | 3 4 |  4.1
Long Blades    | 4 |  4.7
Throwing       | |  1.7
Dodging        | |  2.6

Action                     |  1- 3 |  4- 6 || total
---------------------------+-------+-------++-------
  Melee: Long sword        |    62 |   174 ||   236
         Dagger            |       |   117 ||   117
   Stab: Sleeping          |     1 |       ||     1
 Armour: Crystal plate arm |    61 |   217 ||   278
         Leather armour    |     1 |       ||     1
  Dodge: Dodged            |     4 |     5 ||     9

Levels and vault maps discovered:
D:1:      saegor_arrival_fortress, layout_loops_ring,
          hellmonk_ecumenical_altar_defaced_shrine
D:2:      layout_basic, serial_co_window_serial, co_window_of_opportunity_a,
          co_window_corner_a, co_window_paths_b, co_window_paths_b,
          co_window_paths_a, co_window_corner_b, co_window_broadway_b,
          co_window_of_opportunity_b, co_window_of_opportunity_c, co_window_sun,
          glass_columns_a, glass_columns_c, solitary_fountain
D:3:      layout_rooms, old_standard_altar, regret_index_xom_buried_treasure,
          minmay_statues_item, uniq_ijyb, uniq_terence
D:4:      layout_basic, st_stairs_10, minivault_27,
          serial_library_hellmonk_u_bend

Notes
Turn   | Place    | Note
-------+----------+-------------------------------------------
     0 | D:1      | cforsyth the Coglin Gladiator began the quest for the Orb.
     0 | D:1      | Reached XP level 1. HP: 16/16 MP: 1/1
    49 | D:1      | Identified a +0 crystal plate armour
   692 | D:1      | Reached XP level 2. HP: 22/22 MP: 2/2
   805 | D:1      | Found a roughly hewn altar of Beogh.
   843 | D:1      | Found a faded altar of an unknown god.
  1099 | D:2      | Reached skill level 1 in Armour
  1099 | D:2      | Reached XP level 3. HP: 26/28 MP: 3/3
  1547 | D:2      | Reached XP level 4. HP: 34/34 MP: 4/4
  1751 | D:2      | Reached skill level 3 in Fighting
  2262 | D:3      | Noticed Terence
  2390 | D:3      | Found a shimmering altar of Xom.
  2478 | D:3      | Reached skill level 4 in Long Blades
  2478 | D:3      | Reached skill level 2 in Armour
  2478 | D:3      | Reached XP level 5. HP: 27/41 MP: 5/5
  2538 | D:3      | Killed Terence
  2646 | D:3      | Found a stormy altar of Qazlal.
  2646 | D:3      | Noticed Ijyb
  2678 | D:3      | Paralysed by Ijyb for 3 turns
  2688 | D:3      | Killed Ijyb
  3053 | D:4      | Reached XP level 6. HP: 30/48 MP: 6/6
  3145 | D:4      | Reached skill level 4 in Fighting
  3240 | D:4      | Reached skill level 3 in Armour
  3434 | D:4      | HP: 4/48 [gnoll bouda/+0 club (6)]
  3435 | D:4      | Slain by a gnoll bouda

Vanquished Creatures
  A hound (D:4)
  An orc priest (D:3)
  An iguana (D:4)
  Ijyb (D:3)
  Terence (D:3)
  5 adders
  A white imp (D:4)
  2 dart slugs
  2 ribbon worms (D:2)
  9 orcs
  6 ball pythons
  A bat (D:3)
  11 endoplasms
  5 giant cockroaches
  3 goblins (D:2)
  4 hobgoblins
  2 jackals (D:4)
  2 quokkas
  3 frilled lizards
  3 kobolds
  4 rats
68 creatures vanquished.

Table legend: (Time is in decaauts)
 A = Elapsed time spent in this place.
 B = Non-inter-level travel time spent in this place.
 C = Inter-level travel time spent in this place.
 D = Time resting spent in this place.
 E = Time spent auto-exploring this place.
 F = Levels seen in this place.
 G = Mean time per level.
                   A        B        C        D        E       F      G
               +--------+--------+--------+--------+--------+-----+--------+
         Total |   3460 |   3320 |    140 |      0 |   2734 |   4 |  865.0 |
       Dungeon |   3460 |   3320 |    140 |      0 |   2734 |   4 |  865.0 |
               +--------+--------+--------+--------+--------+-----+--------+

Top non-repeatable levels by time:
     D:2: 1159 daAuts
     D:1: 1067 daAuts
     D:3: 666 daAuts
     D:4: 567 daAuts

Table legend:
 A = Non-vault XP
 B = Vault XP
 C = Vault XP percentage of total XP
 D = Non-vault monster count
 E = Vault monster count
 F = Vault count percentage of total count
                 A         B        C        D         E       F
            +---------+---------+-------+---------+---------+-------
      Total |     375 |      86 |  18.7 |      62 |       6 |   8.8
            +---------+---------+-------+---------+---------+-------
        D:1 |      10 |       8 |  44.4 |       4 |       3 |  42.9
        D:2 |      97 |       0 |   0.0 |      20 |       0 |   0.0
        D:3 |      85 |      74 |  46.5 |      15 |       2 |  11.8
        D:4 |     183 |       4 |   2.1 |      23 |       1 |   4.2
            +---------+---------+-------+---------+---------+-------
